 Dungeon Crawl Stone Soup version 0.23-a0-448-g1c01f63 (webtiles) character file.

4176 Ijustatesigmund the Thaumaturge (level 10, -24/74 HPs)
             Began as a Gnoll Wizard on Nov 20, 2018.
             Was a High Priest of Cheibriados.
             Annihilated by an enormous slime creature (65 damage)
             ... on level 8 of the Dungeon.
             The game lasted 00:23:47 (10068 turns).

Ijustatesigmund the Thaumaturge (Gnoll Wizard)     Turns: 10068, Time: 00:23:48

Health: -24/74     AC: 13    Str: 23    XL:     10   Next: 28%
Magic:  22/22      EV: 16    Int: 36    God:    Cheibriados [*****.]
Gold:   66         SH:  0    Dex: 28    Spells: 17/26 levels left

rFire    + . .     SeeInvis .   r - +5 trident (curse)
rCold    + + .     Gourm    .   (no shield)
rNeg     . . .     Faith    .   A - +0 scale mail "Deunt" {rF+ rC+ Dex+4}
rPois    .         Spirit   .   b - +1 helmet
rElec    .         Reflect  .   (no cloak)
rCorr    .         Harm     .   u - +0 pair of gloves
MR       .....                  n - +1 pair of boots
Stlth    ++........             (no amulet)
HPRegen  0.22/turn              q - ring of protection from cold
MPRegen  0.18/turn              s - ring "Boal" {Str+3 Stlth-}

@: very slow
A: distributed training, fangs 1, strong nose
a: Bend Time, Temporal Distortion, Slouch, Step From Time, Renounce Religion


You were on level 8 of the Dungeon.
You worshipped Cheibriados.
Cheibriados was extremely pleased with you.
You were not hungry.

You visited 1 branch of the dungeon, and saw 8 of its levels.

You collected 416 gold pieces.
You spent 350 gold pieces at shops.

Inventory:

Hand Weapons
 e - a +3 trident of freezing
 r - a cursed +5 trident (weapon)
Missiles
 l - 4 javelins (quivered)
 p - a throwing net
 z - 6 poisoned tomahawks
Armour
 a - a +1 leather armour
 b - a +1 helmet (worn)
 c - a +0 shield
 n - a +1 pair of boots (worn)
 u - a +0 pair of gloves (worn)
 A - the +0 scale mail "Deunt" (worn) {rF+ rC+ Dex+4}
   (You found it on level 6 of the Dungeon)

   It affects your dexterity (+4).
   It protects you from fire.
   It protects you from cold.
Jewellery
 q - a ring of protection from cold (left hand)
 s - the ring "Boal" (right hand) {Str+3 Stlth-}
   (You found it on level 7 of the Dungeon)

   [ring of attention]

   It affects your strength (+3).
   It makes you less stealthy.
Wands
 w - a wand of enslavement (6)
 B - a wand of iceblast (13)
 D - a wand of polymorph (2)
Scrolls
 i - 6 scrolls of teleportation
 v - a scroll of amnesia
 x - a scroll of fear
 y - a scroll of remove curse
Potions
 f - a potion of curing
 g - a potion of agility
 h - 2 potions of flight
 j - a potion of might
 k - 3 potions of lignification
 m - a potion of ambrosia
 o - a potion of invisibility
 t - a potion of resistance {unknown}
Comestibles
 d - 14 rations


   Skills:
 + Level 5.0 Fighting
 + Level 5.0 Short Blades
 + Level 5.0 Long Blades
 + Level 5.0 Axes
 + Level 5.0 Maces & Flails
 + Level 5.0 Polearms
 + Level 5.0 Staves
 + Level 5.0 Slings
 + Level 5.0 Bows
 + Level 5.0 Crossbows
 + Level 5.0 Throwing
 + Level 5.0 Armour
 + Level 6.9 Dodging
 + Level 6.6 Stealth
 + Level 5.0 Shields
 + Level 5.0 Unarmed Combat
 + Level 8.8 Spellcasting
 + Level 4.7 Conjurations
 + Level 4.1 Hexes
 + Level 4.1 Charms
 + Level 4.7 Summonings
 + Level 4.1 Necromancy
 + Level 4.7 Translocations
 + Level 4.1 Transmutations
 + Level 4.1 Fire Magic
 + Level 4.1 Ice Magic
 + Level 4.1 Air Magic
 + Level 4.1 Earth Magic
 + Level 4.1 Poison Magic
 + Level 5.5 Invocations
 + Level 5.0 Evocations


You had 17 spell levels left.
You knew the following spells:

 Your Spells              Type           Power        Failure   Level  Hunger
a - Magic Dart            Conj           ####         1%          1    None
b - Blink                 Tloc           N/A          1%          2    None
c - Mephitic Cloud        Conj/Pois/Air  #####...     3%          3    None
d - Conjure Flame         Conj/Fire      #####...     3%          3    None

Your spell library contained the following spells:

 Spells                   Type           Power        Failure   Level  Hunger
 Call Imp                 Summ           ######..     1%          2    None
 Slow                     Hex            #####...     1%          2    None


Dungeon Overview and Level Annotations

Branches:
Dungeon (8/15)             Temple (0/1) D:5
   Lair: D:8-11

Altars:
Cheibriados
Dithmenos
Gozag
Hepliaklqana
Nemelex Xobeh
Qazlal
Ru
Trog

Shops:
D:4 *   D:6 [

Annotations:
D:3 2 transporters, Ratty's ghost, amateur MiHu


Innate Abilities, Weirdness & Mutations

Your experience applies equally to all skills.
You have very sharp teeth.
Your uncanny sense of smell can sniff out nearby items.


Message History

The crimson imp barely misses you.
The crimson imp hits you but does no damage.
You barely miss the very large slime creature.
The very large slime creature is moderately wounded.
The very large slime creature hits you!
Two slime creatures merge to form an enormous slime creature.
The crimson imp misses you.
You puncture the enormous slime creature!
The enormous slime creature is moderately wounded.
The crimson imp hits you but does no damage.
You puncture the enormous slime creature!
You bite the enormous slime creature.
The enormous slime creature is heavily wounded.
The enormous slime creature jiggles.
The enormous slime creature misses you. The crimson imp misses you.
You completely miss the enormous slime creature.
The enormous slime creature is heavily wounded.
The enormous slime creature hits you!!!
Ouch! That really hurt!
You die...

######### #.......#
#.#####.#
#######.#..##.####
#..>.............#####
###.#####.####.......#
*,* #.# #.......#####
*,****#@# #.......#....
#.....5J# #####+#......
#......Z# #.#.#.)..
#.......#*##***#...#....
#........,,..,*##..#....
#.......#*###.###..#####
#.......+,..........(..(
##......#**##........###
*,,,,,,,,...###.#.#.#


You could see an enormous slime creature, a crimson imp and a centaur skeleton.

Vanquished Creatures
  Erica (D:8)
  A slime creature (D:8)
  Edmund (D:4)
  An ice beast (D:7)
  An orc warrior (D:7)
  2 sky beasts
  A phantom (D:5)
  A hornet zombie (D:7)
  7 ogres
  2 centaurs
  A crocodile (D:7)
  7 bullfrogs
  A wyvern zombie (D:8)
  2 scorpions
  3 killer bees (D:7)
  5 wights (D:7)
  A howler monkey (D:7)
  A crimson imp (D:6)
  2 hounds
  A centaur skeleton (D:6)
  5 orc priests
  A gnoll shaman (D:7)
  5 orc wizards
  Ijyb (D:4)
  An iguana (D:7)
  4 worker ants
  4 hound skeletons
  Robin (D:4)
  A worker ant zombie (D:6)
  9 adders
  3 gnolls (D:7)
  A shadow imp (D:7)
  An ooze (D:3)
  3 worms
  3 dart slugs
  7 leopard geckos
  28 orcs
  7 giant cockroaches
  13 goblins
  7 hobgoblins
  9 jackals
  4 quokkas
  12 bats
  3 frilled lizards
  A jackal zombie (D:6)
  6 kobolds
  8 rats
190 creatures vanquished.

Vanquished Creatures (others)
  A jelly (D:8)
1 creature vanquished.

Grand Total: 191 creatures vanquished

Notes
Turn   | Place    | Note
-------+----------+-------------------------------------------
     0 | D:1      | Ijustatesigmund the Gnoll Wizard began the quest for the
                  | Orb.
     0 | D:1      | Reached XP level 1. HP: 13/13 MP: 8/8
   196 | D:1      | Reached XP level 2. HP: 19/19 MP: 8/10
   466 | D:1      | Learned a level 2 spell: Blink
  1053 | D:2      | Reached XP level 3. HP: 25/25 MP: 4/11
  1432 | D:2      | Reached skill level 1 in Invocations
  1501 | D:2      | Found a bloodstained altar of Trog.
  1583 | D:2      | Found a snail-covered altar of Cheibriados.
  1607 | D:2      | Learned a level 3 spell: Mephitic Cloud
  1611 | D:2      | Learned a level 3 spell: Conjure Flame
  1611 | D:2      | Became a worshipper of Cheibriados the Contemplative
  1763 | D:3      | Reached skill level 1 in Fighting
  1763 | D:3      | Reached skill level 1 in Short Blades
  1763 | D:3      | Reached skill level 1 in Long Blades
  1763 | D:3      | Reached skill level 1 in Axes
  1763 | D:3      | Reached skill level 1 in Maces & Flails
  1763 | D:3      | Reached skill level 1 in Polearms
  1763 | D:3      | Reached skill level 1 in Staves
  1763 | D:3      | Reached skill level 1 in Slings
  1763 | D:3      | Reached skill level 1 in Bows
  1763 | D:3      | Reached skill level 1 in Crossbows
  1763 | D:3      | Reached skill level 1 in Throwing
  1763 | D:3      | Reached skill level 1 in Armour
  1763 | D:3      | Reached skill level 1 in Shields
  1763 | D:3      | Reached skill level 1 in Unarmed Combat
  1763 | D:3      | Reached skill level 1 in Evocations
  1831 | D:3      | Reached XP level 4. HP: 32/32 MP: 13/13
  2267 | D:3      | Reached skill level 1 in Hexes
  2267 | D:3      | Reached skill level 1 in Charms
  2267 | D:3      | Reached skill level 1 in Necromancy
  2267 | D:3      | Reached skill level 1 in Transmutations
  2267 | D:3      | Reached skill level 1 in Fire Magic
  2267 | D:3      | Reached skill level 1 in Ice Magic
  2267 | D:3      | Reached skill level 1 in Air Magic
  2267 | D:3      | Reached skill level 1 in Earth Magic
  2267 | D:3      | Reached skill level 1 in Poison Magic
  2331 | D:3      | Reached * piety under Cheibriados
  2342 | D:3      | Reached XP level 5. HP: 37/37 MP: 6/14
  2588 | D:3      | Found a transporter.
  2607 | D:3      | Noticed Ratty's ghost (amateur MiHu)
  2610 | D:3      | Found a transporter.
  2612 | D:3      | Identified the +6 dire flail of Purpose {crush, rC+ Int+4}
  2612 | D:3      | Noticed an ogre
  2923 | D:3      | Found a stormy altar of Qazlal.
  3144 | D:4      | Reached XP level 6. HP: 30/44 MP: 16/16
  3259 | D:4      | Reached skill level 5 in Dodging
  3305 | D:4      | Found a sparkling altar of Nemelex Xobeh.
  3366 | D:4      | Reached XP level 7. HP: 25/50 MP: 7/18
  3754 | D:4      | Found a hazy altar of Hepliaklqana.
  3765 | D:4      | Reached ** piety under Cheibriados
  3769 | D:4      | Noticed Robin
  3777 | D:4      | Killed Robin
  3944 | D:4      | Noticed Ijyb
  3947 | D:4      | Paralysed by Ijyb for 5 turns
  3955 | D:4      | Killed Ijyb
  4132 | D:4      | Noticed Edmund
  4138 | D:4      | Killed Edmund
  4177 | D:4      | Reached skill level 5 in Stealth
  4459 | D:4      | Found Dexumok's Assorted Antiques.
  4462 | D:4      | Bought a blackened tourmaline ring for 140 gold pieces
  4462 | D:4      | Bought a scroll labeled JUYGONG ZOHE for 28 gold pieces
  4556 | D:4      | You fall through a shaft for 3 floors!
  4581 | D:7      | Reached XP level 8. HP: 57/57 MP: 19/19
  5069 | D:7      | Reached *** piety under Cheibriados
  5316 | D:7      | Reached skill level 8 in Spellcasting
  5419 | D:7      | Got a vibrating glass ring
  5427 | D:7      | Identified the ring "Boal" {Str+3 Stlth-} (You found it on
                  | level 7 of the Dungeon)
  5711 | D:7      | Found a sacrificial altar of Ru.
  5809 | D:7      | Reached XP level 9. HP: 31/65 MP: 17/21
  7318 | D:6      | Found Ygeu's Antique Armour Shop.
  7493 | D:6      | Reached **** piety under Cheibriados
  8093 | D:6      | Got a scorched scale mail
  8104 | D:6      | Identified the +0 scale mail "Deunt" {rF+ rC+ Dex+4} (You
                  | found it on level 6 of the Dungeon)
  8246 | D:5      | Entered Level 5 of the Dungeon
  8260 | D:5      | Found a staircase to the Ecumenical Temple.
  8579 | D:6      | Bought a distressingly furry leather armour for 182 gold
                  | pieces
  8590 | D:6      | Identified the +1 leather armour of the Modern Songs {-Cast
                  | rElec rC- Stlth+} (You bought it in a shop on level 6 of
                  | the Dungeon)
  8837 | D:5      | Found a shadowy altar of Dithmenos.
  8956 | D:5      | Reached skill level 5 in Invocations
  9344 | D:8      | Found an opulent altar of Gozag.
  9451 | D:8      | Reached XP level 10. HP: 73/73 MP: 15/22
  9703 | D:8      | Reached ***** piety under Cheibriados
  9712 | D:8      | Noticed Erica
  9882 | D:8      | Killed Erica
  9882 | D:8      | Reached skill level 5 in Fighting
  9882 | D:8      | Reached skill level 5 in Short Blades
  9882 | D:8      | Reached skill level 5 in Long Blades
  9882 | D:8      | Reached skill level 5 in Axes
  9882 | D:8      | Reached skill level 5 in Maces & Flails
  9882 | D:8      | Reached skill level 5 in Polearms
  9882 | D:8      | Reached skill level 5 in Staves
  9882 | D:8      | Reached skill level 5 in Slings
  9882 | D:8      | Reached skill level 5 in Bows
  9882 | D:8      | Reached skill level 5 in Crossbows
  9882 | D:8      | Reached skill level 5 in Throwing
  9882 | D:8      | Reached skill level 5 in Armour
  9882 | D:8      | Reached skill level 5 in Shields
  9882 | D:8      | Reached skill level 5 in Unarmed Combat
  9882 | D:8      | Reached skill level 5 in Evocations
 10068 | D:8      | Annihilated by an enormous slime creature

Vault maps used:
D:1:      scummos_arrival_star
D:2:      cheibriados_altar_1, bloody_trog, grunt_ministairs_10,
          amethyst_killhole
D:3:      nicolae_overflow_hidden_temple, gammafunk_ghost_smash, first_ration,
          minmay_randomly_rotated_circles
D:4:      overflow_temple_1_default, nicolae_overflow_crystal_walls,
          serial_shops, nicolae_shop_behind_doors,
          chequers_serial_rivers_small_3, interstate_on_off, uniq_edmund,
          uniq_robin, uniq_ijyb
D:5:      lemuel_coloured_pillars_altar, minmay_temple_entry_statues_fountains
D:6:      serial_shops, nicolae_shop_competitors_out_of_business
D:7:      kennysheep_mini_moat
D:8:      grunt_gozag_breadcrumbs, uniq_erica

Skill      XL: |  1  2  3  4  5  6  7  8  9 10 |
---------------+-------------------------------+-----
Conjurations   | 2 3 4 |  4.7
Summonings     | 2 3 4 |  4.7
Translocations | 2 3 4 |  4.7
Invocations    | 1 2 3 4 5 |  5.5
Fighting       | 1 2 3 4 5 |  5.0
Short Blades   | 1 2 3 4 5 |  5.0
Long Blades    | 1 2 3 4 5 |  5.0
Axes           | 1 2 3 4 5 |  5.0
Maces & Flails | 1 2 3 4 5 |  5.0
Polearms       | 1 2 3 4 5 |  5.0
Staves         | 1 2 3 4 5 |  5.0
Slings         | 1 2 3 4 5 |  5.0
Bows           | 1 2 3 4 5 |  5.0
Crossbows      | 1 2 3 4 5 |  5.0
Throwing       | 1 2 3 4 5 |  5.0
Armour         | 1 2 3 4 5 |  5.0
Shields        | 1 2 3 4 5 |  5.0
Unarmed Combat | 1 2 3 4 5 |  5.0
Evocations     | 1 2 3 4 5 |  5.0
Hexes          | 1 2 3 4 |  4.1
Charms         | 1 2 3 4 |  4.1
Necromancy     | 1 2 3 4 |  4.1
Transmutations | 1 2 3 4 |  4.1
Fire Magic     | 1 2 3 4 |  4.1
Ice Magic      | 1 2 3 4 |  4.1
Air Magic      | 1 2 3 4 |  4.1
Earth Magic    | 1 2 3 4 |  4.1
Poison Magic   | 1 2 3 4 |  4.1
Dodging        | 5 6 |  6.9
Stealth        | 5 6 |  6.6
Spellcasting   | 8 |  8.8

Action                   |  1- 3 |  4- 6 |  7- 9 | 10-12 || total
-------------------------+-------+-------+-------+-------++-------
Melee: Trident           |    15 |    87 |   267 |    32 ||   401
       Bite              |       |     8 |    35 |    11 ||    54
       Punch             |       |     1 |     5 |     1 ||     7
       Unarmed           |       |       |       |     4 ||     4
Throw: Javelin           |       |       |     6 |       ||     6
       Throwing net      |       |       |     1 |       ||     1
 Cast: Magic Dart        |    61 |    55 |   154 |    12 ||   282
       Mephitic Cloud    |       |     4 |    10 |     3 ||    17
       Blink             |       |       |     1 |       ||     1
       Conjure Flame     |       |       |    10 |     1 ||    11
Evoke: Wand              |       |       |     2 |       ||     2
  Use: Scroll            |     4 |     7 |     7 |     1 ||    19
       Potion            |       |       |       |     2 ||     2
 Stab: Sleeping          |     2 |     3 |     7 |       ||    12
       Confused          |       |     2 |     8 |       ||    10
       Distracted        |       |       |     1 |       ||     1
  Eat: Chunk             |     3 |     3 |     3 |       ||     9
       Ration            |       |       |     2 |       ||     2
Armor: Robe              |     4 |       |       |       ||     4
       Leather armour    |       |    18 |    45 |       ||    63
       Scale mail        |       |       |    21 |    13 ||    34
       Skin              |       |       |       |     1 ||     1
Dodge: Dodged            |    17 |    55 |   205 |    47 ||   324

Table legend:
 A = Non-vault XP
 B = Vault XP
 C = Vault XP percentage of total XP
 D = Non-vault monster count
 E = Vault monster count
 F = Vault count percentage of total count
                 A         B        C        D         E       F
            +---------+---------+-------+---------+---------+-------
      Total |    4801 |    1165 |  19.5 |     168 |      22 |  11.6
            +---------+---------+-------+---------+---------+-------
        D:1 |      22 |       0 |   0.0 |      12 |       0 |   0.0
        D:2 |      37 |       5 |  11.9 |      13 |       2 |  13.3
        D:3 |     141 |      46 |  24.6 |      34 |       6 |  15.0
        D:4 |     573 |     238 |  29.3 |      19 |      13 |  40.6
        D:5 |     708 |       0 |   0.0 |      20 |       0 |   0.0
        D:6 |     975 |       0 |   0.0 |      24 |       0 |   0.0
        D:7 |    1678 |       0 |   0.0 |      32 |       0 |   0.0
        D:8 |     667 |     876 |  56.8 |      14 |       1 |   6.7
            +---------+---------+-------+---------+---------+-------
